 Dungeon Crawl Stone Soup version 0.30-a0-365-ge7f957f1db (webtiles) character file.

Game seed: 6993473642396893861

84 qeuew the Trooper (level 4, 0/31 HPs)
             Began as a Demonspawn Fighter on Nov 16, 2022.
             Slain by a gnoll
             ... wielding a +0 spear
              (7 damage)
             ... on level 3 of the Dungeon.
             The game lasted 00:01:54 (1579 turns).

qeuew the Trooper (Demonspawn Fighter)              Turns: 1579, Time: 00:01:54

Health: 0/31       AC:  6    Str: 21    XL:     4   Next: 24%
Magic:  4/4        EV: 13    Int:  8    God:
Gold:   121        SH:  4    Dex: 13    Spells: 3/3 levels left

rFire   . . .      SeeInvis .    a - +0 war axe
rCold   . . .      Faith    .    c - +0 buckler
rNeg    . . .      Spirit   .    b - +0 scale mail
rPois   .          Reflect  .    (no helmet)
rElec   .          Harm     .    (no cloak)
rCorr   .          Rampage  .    (no gloves)
Will    .....      Rage     3%   (no boots)
Stlth   ..........               (no amulet)
HPRegen 0.25/turn                e - +4 ring of evasion
MPRegen 0.18/turn                (no ring)

@: mighty
A: magic regeneration, berserk 1, frail 1, strong 1
a: no special abilities


You were on level 3 of the Dungeon.
You visited 1 branch of the dungeon, and saw 3 of its levels.

You collected 121 gold pieces.

Inventory:

Hand Weapons
 a - a +0 war axe (weapon)
Armour
 b - a +0 scale mail (worn)
 c - a +0 buckler (worn)
Jewellery
 e - a +4 ring of evasion (left hand)
 h - a ring of fire
Scrolls
 g - a scroll of enchant weapon {unknown}
 j - a scroll of amnesia


   Skills:
 + Level 3.5 Fighting
 + Level 2.4 Axes
 + Level 3.1 Armour
 + Level 1.2 Dodging
 + Level 3.1 Shields


You had 3 spell levels left.
You didn't know any spells.
Your spell library was empty.

Dungeon Overview and Level Annotations

Branches:
Dungeon (3/15)

Altars:

Shops:
D:1 [


Innate Abilities, Weirdness & Mutations

You regenerate magic rapidly.
You sometimes lose your temper in combat.
You are frail. (-10% HP)
Your muscles are strong. (Str +4, Int/Dex -1)


Message History

You are too injured to fight recklessly!
You are too injured to fight recklessly!
You are too injured to fight recklessly!
You are too injured to fight recklessly!
You are too injured to fight recklessly!
You are too injured to fight recklessly!
You are too injured to fight recklessly!
You are too injured to fight recklessly!
You are too injured to fight recklessly!
You feel better.
The gnoll hits you with a +2 flail of venom.
You are poisoned.
The gnoll barely misses you.
You feel very mighty all of a sudden.
You feel sick.
The gnoll hits you with a +2 flail of venom!
You are lethally poisoned!
The gnoll hits you from afar with a +0 spear.
* * * LOW HITPOINT WARNING * * *
You feel better. The gnoll closely misses you. The gnoll barely misses you.
You slice the gnoll!!
You kill the gnoll!
The gnoll closely misses you. You block the gnoll's attack.
The gnoll hits you from afar with a +0 spear.
The gnoll hits you with a +0 spear.
* * * LOW HITPOINT WARNING * * *
You block the gnoll's attack.
Unknown command.
You barely miss the gnoll. The gnoll closely misses you.
The gnoll hits you but does no damage. The gnoll closely misses you.
You barely miss the gnoll. The gnoll barely misses you.
You block the gnoll's attack. The gnoll closely misses you.
The gnoll hits you but does no damage. The gnoll misses you.
You closely miss the gnoll. You block the gnoll's attack. x2
You slice the gnoll!!
You kill the gnoll!
The gnoll misses you. You block the gnoll's attack.
The gnoll barely misses you.
The gnoll hits you from afar with a +0 spear!
You die...

#.##.## ##>......##
##.# #.#### ##.....##
### #.# ##...## ###
#.# ##+## #.. #.# ###
#.#########.# #.#
..## #........##.#
#.####..#####.##.#
#).........##.##..
#@##.....#.##.####
#.g)####...##......).
##g# ##..#####.####
... ##.#####.# ###
#.......# #########


You could see 2 gnolls.

Vanquished Creatures
  2 gnolls (D:3)
  2 adders (D:2)
  A dart slug (D:2)
  5 orcs
  4 bats
  6 endoplasms
  2 giant cockroaches (D:1)
  A hobgoblin (D:2)
  3 jackals (D:1)
  7 kobolds
  2 quokkas
  2 ball pythons (D:1)
  A frilled lizard (D:1)
  5 goblins
  5 rats
48 creatures vanquished.

Notes
Turn   | Place    | Note
-------+----------+-------------------------------------------
     0 | D:1      | qeuew the Demonspawn Fighter began the quest for the Orb.
     0 | D:1      | Reached XP level 1. HP: 18/18 MP: 1/1
   127 | D:1      | Gained mutation: You regenerate magic rapidly. [demonic
                  | ancestry]
   127 | D:1      | Reached XP level 2. HP: 22/24 MP: 2/2
   283 | D:1      | Found Plog's Armour Emporium.
   620 | D:1      | Gained mutation: You are frail. (-10% HP) [potion of
                  | mutation]
   620 | D:1      | Gained mutation: You sometimes lose your temper in combat.
                  | [potion of mutation]
   620 | D:1      | Gained mutation: Your muscles are strong. (Str +4, Int/Dex
                  | -1) [potion of mutation]
   779 | D:2      | Reached XP level 3. HP: 24/26 MP: 3/3
   838 | D:2      | Reached skill level 1 in Dodging
  1260 | D:2      | Reached XP level 4. HP: 27/31 MP: 4/4
  1579 | D:3      | Slain by a gnoll

Illustrated notes

Levels and vault maps discovered:
D:1:      dpeg_arrival_pits, layout_rooms, serial_shops, shop,
          chequers_serial_rivers_micro_e, dreamdust_princess_corridor,
          interstate_on_off
D:2:      layout_basic, wad_orctagon
D:3:      layout_loops_corners

Skill      XL: |  1  2  3 |
---------------+----------+-----
Axes           | 2 |  2.4
Armour         | 3 |  3.1
Shields        | 3 |  3.1
Dodging        | 1 |  1.2
Fighting       | |  3.5

Action                   |  1- 3 |  4- 6 || total
-------------------------+-------+-------++-------
Melee: War axe           |   128 |    18 ||   146
  Use: Potion            |     3 |     3 ||     6
       Scroll            |       |     4 ||     4
Armor: Scale mail        |    68 |     7 ||    75
Dodge: Dodged            |    68 |    20 ||    88
Block: Buckler           |    30 |    13 ||    43

Table legend: (Time is in decaauts)
 A = Elapsed time spent in this place.
 B = Non-inter-level travel time spent in this place.
 C = Inter-level travel time spent in this place.
 D = Time resting spent in this place.
 E = Time spent auto-exploring this place.
 F = Levels seen in this place.
 G = Mean time per level.
                   A        B        C        D        E       F      G
               +--------+--------+--------+--------+--------+-----+--------+
         Total |   1670 |   1613 |     57 |    100 |   1143 |   3 |  556.7 |
       Dungeon |   1670 |   1613 |     57 |    100 |   1143 |   3 |  556.7 |
               +--------+--------+--------+--------+--------+-----+--------+

Top non-repeatable levels by time:
     D:2: 844 daAuts
     D:1: 686 daAuts
     D:3: 140 daAuts
